 Dungeon Crawl Stone Soup version 0.32-a0-7-ge934b4519a (webtiles) character file.

Game seed: 4401898314804501971

3031 chukamok the Spear-Bearer (level 9, -2/71 HPs)
             Began as a Gnoll Reaver on Jan 14, 2024.
             Was an Elder of Okawaru.
             Slain by a gargoyle
             ... wielding a +0 mace
              (11 damage)
             ... on level 7 of the Dungeon.
             The game lasted 01:16:05 (5642 turns).

chukamok the Spear-Bearer (Gnoll Reaver)            Turns: 5642, Time: 01:16:07

Health: -2/71      AC:  8    Str: 17    XL:     9   Next: 86%
Magic:  17/19      EV: 14    Int: 16    God:    Okawaru [****..]
Gold:   163        SH:  0    Dex: 12    Spells: 10/22 levels left

rFire   . . .        C - +0 short sword (elec)
rCold   . . .        (no shield)
rNeg    + . .        b - +0 leather armour
rPois   .            e - +2 hat
rElec   .            H - +0 cloak
rCorr   .            d - +0 pair of gloves
SInv    .            (no boots)
Will    .....        (no amulet)
Stlth   ++           r - +6 ring of strength
HPRegen 0.31/turn    a - ring of positive energy
MPRegen 0.16/turn

%: no passive effects
@: lethally poisoned (-2 -> -12), immotile
A: fangs 1, strong nose, distributed training
a: Renounce Religion, Heroism, Finesse


You were on level 7 of the Dungeon.
You worshipped Okawaru.
Okawaru was greatly pleased with you.
You visited 1 branch of the dungeon, and saw 7 of its levels.

You collected 301 gold pieces.
You spent 138 gold pieces at shops.

Inventory:

Hand Weapons
 y - a +0 trident
 C - a +0 short sword of electrocution (weapon)
 G - a +2 quarterstaff of chaos
 I - a +3 dire flail
 J - a +1 spear of freezing
 L - a +0 orcbow
 M - a +0 whip of freezing
Missiles
 c - 86 stones
 t - 8 poisoned darts
 u - 15 boomerangs
Armour
 b - a +0 leather armour (worn)
 d - a +0 pair of gloves (worn)
 e - a +2 hat (worn)
 n - an orb of light
 H - a +0 cloak (worn)
 K - a +2 robe of fire resistance
Jewellery
 a - a ring of positive energy (right hand)
 r - a +6 ring of strength (left hand)
Wands
 E - a wand of digging (4)
 F - a wand of roots (12)
Scrolls
 f - 2 scrolls of enchant weapon {unknown}
 g - a scroll of revelation {unknown}
 k - 7 scrolls of identify {unknown}
 l - 2 scrolls of enchant armour {unknown}
 m - a scroll of noise {unknown}
 q - 4 scrolls of blinking {unknown}
 x - 2 scrolls of poison {unknown}
 z - 3 scrolls of teleportation {unknown}
 A - a scroll of amnesia {unknown}
Potions
 h - 2 potions of berserk rage {unknown}
 i - a potion of heal wounds {unknown}
 j - a potion of ambrosia {unknown}
 o - 2 potions of brilliance {unknown}
 p - a potion of cancellation {unknown}
 s - a potion of haste {unknown}
 v - 6 potions of curing
 w - a potion of might {unknown}
 B - 2 potions of degeneration {unknown}
 D - a potion of resistance {unknown}


   Skills:
 + Level 6.7 Fighting
 + Level 4.8 Short Blades
 + Level 4.8 Long Blades
 + Level 4.8 Axes
 + Level 4.8 Maces & Flails
 + Level 8.2 Polearms
 + Level 4.8 Staves
 + Level 4.8 Ranged Weapons
 + Level 4.8 Throwing
 + Level 4.8 Armour
 + Level 6.7 Dodging
 + Level 4.8 Stealth
 + Level 4.8 Shields
 + Level 4.8 Unarmed Combat
 + Level 7.0 Spellcasting
 + Level 6.8 Conjurations
 + Level 4.0 Hexes
 + Level 4.0 Summonings
 + Level 4.0 Necromancy
 + Level 4.0 Translocations
 + Level 4.0 Fire Magic
 + Level 4.0 Ice Magic
 + Level 4.0 Air Magic
 + Level 4.0 Earth Magic
 + Level 4.0 Alchemy
 + Level 5.3 Invocations
 + Level 4.8 Evocations
 + Level 4.4 Shapeshifting


You had 10 spell levels left.
You knew the following spells:

 Your Spells              Type           Power      Damage    Failure   Level
a - Kiss of Death         Conj/Necr      92%        2d12      1%          1
b - Hailstorm             Conj/Ice       23%        3d7       4%          3
c - Momentum Strike       Conj/Tloc      46%        3d9       2%          2
d - Stone Arrow           Conj/Erth      46%        3d9       4%          3
e - Vampiric Draining     Necr           18%        2d7       9%          3

Your spell library contained the following spells:

 Spells                   Type           Power      Damage    Failure   Level
 Slow                     Hex            72%        N/A       2%          1
 Confusing Touch          Hex            18%        N/A       9%          3
 Sigil of Binding         Hex            18%        N/A       9%          3
 Lehudib's Crystal Spear  Conj/Erth      11%        10d4      100%        8
 Animate Armour           Summ/Erth      Unusable   N/A       N/A         4

Dungeon Overview and Level Annotations

Branches:
Dungeon (7/15)             Temple (0/1) D:7

Altars:
Cheibriados
Gozag
Okawaru
Vehumet
Wu Jian
Zin
The Shining One

Shops:
D:2 [   D:3 =!(   D:4 *

Annotations:
D:3 3 runed translucent doors, 1 exclusion, OldManVictorn's ghost, amateur OnHW; Pokonic1's ghost, amateur DsFE; Pokonic1's ghost, amateur GrMo


Innate Abilities, Weirdness & Mutations

You have very sharp teeth.
Your uncanny sense of smell can sniff out nearby items.
Your experience applies equally to all skills.


Message History

Magic restored.
There is a stone staircase leading down here.
You climb downwards.
There is a stone staircase leading up here.
Casting: Momentum Strike (safe; 2% risk of failure)
Confirm with . or Enter, or press ? or * to list all spells.
Aiming: Momentum Strike (safe; 2% risk of failure)
Press: ? - help, Dir - move target, f - gargoyle
Aim: a gargoyle, wielding a +0 mace (86% to hit)
The concentrated momentum hits the gargoyle.
The gargoyle is lightly damaged.
You are unable to move.
The troll shouts!
The kobold shouts!
You hear a shout! x2
The water moccasin completely misses you.
You cannot move.
Unknown command.
Okay, then.
You barely miss the water moccasin. Your bite misses the water moccasin.
The kobold throws a stone.
The stone misses you.
The boulder beetle curls into a ball and begins rolling!
The gargoyle misses you. The water moccasin bites you!
You miss the water moccasin. Your bite misses the water moccasin.
The water moccasin bites you but does no damage.
The gargoyle hits you with a +0 mace!!
You closely miss the water moccasin. The water moccasin bites you.
You hit the water moccasin.
The water moccasin is lightly wounded.
The gargoyle hurls a stone arrow at you.
The stone arrow hits you! The water moccasin bites you.
You are poisoned.
The water moccasin poisons you! The boulder beetle hits you!
* * * LOW HITPOINT WARNING * * *
The boulder beetle stops rolling and uncurls.
You closely miss the water moccasin. Your bite misses the water moccasin.
The water moccasin is lightly wounded.
* * * LOW HITPOINT WARNING * * *
You feel very sick.
The water moccasin bites you but does no damage.
The kobold misses you. The gargoyle hits you with a +0 mace!
You die...

....... #.
.......
###........
#. ....... .
..[....... #.
....B.. ..
..........
.###. #####.#
#.
#.........∆
..... .∆ # #.
#......... #.
#
#..#.........
#.
#K.S9......
##. ∆
#K@.......
##†o
#.BT...#..
#<.. #.°#.###
#...#. #.°.(#
#.#... #... .
...#.##
....### .##
#.# #.... ..
#.## ∆#.... #
. #.##
..##.##


You could see a boulder beetle, a troll, a water moccasin, a gargoyle and 2
kobolds.

Vanquished Creatures
  Pikel (D:6)
  Sigmund (D:6)
  Menkaure (D:4)
  2 orc warriors (D:6)
  An ice beast (D:6)
  2 sky beasts
  An ogre (D:6)
  A lemure (D:6)
  2 phantoms
  A centaur (D:5)
  4 bullfrogs
  3 scorpions
  3 wights (D:6)
  2 hounds (D:5)
  2 jellies (D:6)
  5 bombardier beetles
  Crazy Yiuf (D:5)
  5 orc priests
  3 iguanas
  2 sleepcaps
  Natasha (thrice) (D:3)
  3 orc wizards
  6 adders
  3 gnolls (D:2)
  A white imp (D:5)
  2 ufetubi (D:7)
  A ribbon worm (D:2)
  4 dart slugs
  24 orcs
  7 ball pythons
  11 bats
  7 endoplasms
  2 giant cockroaches
  6 goblins
  5 hobgoblins
  3 jackals (D:2)
  4 quokkas
  A frilled lizard (D:1)
  7 kobolds
  7 rats
150 creatures vanquished.

Notes
Turn   | Place    | Note
-------+----------+-------------------------------------------
     0 | D:1      | chukamok the Gnoll Reaver began the quest for the Orb.
     0 | D:1      | Reached XP level 1. HP: 20/20 MP: 6/6
   188 | D:1      | Reached XP level 2. HP: 24/26 MP: 7/7
   443 | D:1      | Reached skill level 5 in Spellcasting
   443 | D:1      | Reached XP level 3. HP: 31/31 MP: 7/9
   763 | D:2      | Reached skill level 1 in Invocations
   821 | D:2      | Found Aracyetha's Armour Emporium.
   826 | D:2      | Found an ornate altar of the Wu Jian Council.
   912 | D:2      | Reached skill level 1 in Short Blades
   912 | D:2      | Reached skill level 1 in Long Blades
   912 | D:2      | Reached skill level 1 in Axes
   912 | D:2      | Reached skill level 1 in Maces & Flails
   912 | D:2      | Reached skill level 1 in Staves
   912 | D:2      | Reached skill level 1 in Ranged Weapons
   912 | D:2      | Reached skill level 1 in Throwing
   912 | D:2      | Reached skill level 1 in Armour
   912 | D:2      | Reached skill level 1 in Stealth
   912 | D:2      | Reached skill level 1 in Shields
   912 | D:2      | Reached skill level 1 in Unarmed Combat
   912 | D:2      | Reached skill level 1 in Evocations
  1029 | D:2      | Reached skill level 1 in Shapeshifting
  1029 | D:2      | Reached XP level 4. HP: 20/35 MP: 11/11
  1056 | D:2      | Reached skill level 1 in Hexes
  1056 | D:2      | Reached skill level 1 in Summonings
  1056 | D:2      | Reached skill level 1 in Necromancy
  1056 | D:2      | Reached skill level 1 in Translocations
  1056 | D:2      | Reached skill level 1 in Fire Magic
  1056 | D:2      | Reached skill level 1 in Ice Magic
  1056 | D:2      | Reached skill level 1 in Air Magic
  1056 | D:2      | Reached skill level 1 in Earth Magic
  1056 | D:2      | Reached skill level 1 in Alchemy
  1285 | D:2      | Found a faded altar of an unknown god.
  1603 | D:2      | Learned a level 3 spell: Hailstorm
  1616 | D:2      | Reached XP level 5. HP: 41/43 MP: 12/12
  1712 | D:3      | Found Myul's Distillery.
  1734 | D:3      | Bought a potion of curing for 33 gold pieces
  1784 | D:3      | Found a runed translucent gate.
  1870 | D:3      | Found a radiant altar of Vehumet.
  1934 | D:3      | Noticed Natasha
  1942 | D:3      | Found Kuner's Weapon Shop.
  1956 | D:3      | Killed Natasha
  1977 | D:3      | Found an iron altar of Okawaru.
  2030 | D:3      | Became a worshipper of Warmaster Okawaru
  2077 | D:3      | Reached XP level 6. HP: 36/45 MP: 12/14
  2139 | D:3      | Found Xonta Gagh's Jewellery Shop.
  2211 | D:3      | Noticed Natasha
  2225 | D:3      | Killed Natasha
  2226 | D:3      | Reached skill level 5 in Fighting
  2226 | D:3      | Reached skill level 5 in Dodging
  2266 | D:3      | Noticed Natasha
  2284 | D:3      | Killed Natasha
  2389 | D:4      | Found an opulent altar of Gozag.
  2490 | D:4      | Found Corimm's CLEARANCE SALE!.
  2653 | D:4      | Found a glowing golden altar of the Shining One.
  2674 | D:4      | Noticed Menkaure
  2731 | D:5      | Entered Level 5 of the Dungeon
  2774 | D:5      | Learned a level 2 spell: Momentum Strike
  2802 | D:5      | Found a snail-covered altar of Cheibriados.
  2863 | D:5      | Learned a level 3 spell: Stone Arrow
  2927 | D:5      | Reached skill level 7 in Polearms
  2927 | D:5      | Reached XP level 7. HP: 43/49 MP: 11/15
  2980 | D:5      | Reached * piety under Okawaru
  3001 | D:5      | Learned a level 3 spell: Vampiric Draining
  3073 | D:4      | Killed Menkaure
  3406 | D:4      | Bought a wand of digging (5) for 105 gold pieces
  3592 | D:3      | Found a runed translucent gate.
  3592 | D:3      | Found a runed translucent gate.
  3595 | D:3      | Noticed Pokonic1's ghost (amateur DsFE)
  3595 | D:3      | Noticed Pokonic1's ghost (amateur GrMo)
  3595 | D:3      | Noticed OldManVictorn's ghost (amateur OnHW)
  3778 | D:5      | Found a runed translucent door.
  3779 | D:5      | Noticed Crazy Yiuf
  3792 | D:5      | Killed Crazy Yiuf
  3870 | D:5      | Found a glowing silver altar of Zin.
  3895 | D:5      | Reached XP level 8. HP: 40/63 MP: 13/16
  4233 | D:6      | Reached ** piety under Okawaru
  4723 | D:6      | Noticed Sigmund
  4762 | D:6      | Reached XP level 9. HP: 69/69 MP: 4/18
  4834 | D:6      | Killed Sigmund
  4839 | D:6      | Noticed Pikel
  5032 | D:6      | Reached *** piety under Okawaru
  5080 | D:6      | Killed Pikel
  5081 | D:6      | Reached skill level 8 in Polearms
  5081 | D:6      | Reached skill level 5 in Invocations
  5366 | D:7      | Noticed a boulder beetle
  5458 | D:7      | Found a staircase to the Ecumenical Temple.
  5518 | D:7      | Reached **** piety under Okawaru
  5636 | D:7      | Noticed a gargoyle
  5636 | D:7      | Noticed a troll
  5642 | D:7      | Slain by a gargoyle

Illustrated notes

Levels and vault maps discovered:
D:1:      mainiacjoe_arrival_oval_in_oval, layout_basic,
          grunt_decor_mini_mirrors, minmay_close_crescents
D:2:      layout_basic, basic_ecumenical_altar, basic_altar, serial_shops,
          nicolae_shop_scrapyard, minmay_misc_feat_columns,
          reono_crystal_passage, grunt_ministairs_12, lightli_corner_chamber
D:3:      layout_rooms, marbit_many_paths, nicolae_vehumet_altar_sigil,
          serial_shops, nicolae_shop_gaudy_bauble, shop, shop,
          gammafunk_ghost_cemetery, uniq_natasha
D:4:      layout_loops_ring, grunt_gozag_statues,
          mainiacjoe_overflow_six_doors_small, nicolae_shop_clearance,
          uniq_menkaure
D:5:      layout_rooms, chei_slow_surprise, minmay_ruined_shrine,
          uniq_crazy_yiuf_cottage
D:6:      layout_loops_ring, chequers_serial_rivers_large_b, uniq_sigmund,
          uniq_pikel
D:7:      minmay_the_grid_square_5x5_3x3
          [minmay_the_grid_square_5x5_tetrominoes,
          minmay_the_grid_square_5x5_slash, minmay_the_grid_square_5x5_n,
          minmay_the_grid_square_5x5_six,
          minmay_the_grid_square_5x5_megaprize_open,
          minmay_the_grid_square_5x5_forky,
          minmay_the_grid_square_5x5_hollow_slash,
          minmay_the_grid_square_5x5_inner_z,
          minmay_the_grid_square_5x5_six_small], layout_rooms,
          minmay_temple_entry_grid

Skill      XL: |  1  2  3  4  5  6  7  8  9 |
---------------+----------------------------+-----
Spellcasting   | 5 6 7 |  7.0
Invocations    | 1 2 3 4 5 |  5.3
Short Blades   | 1 2 3 4 |  4.8
Long Blades    | 1 2 3 4 |  4.8
Axes           | 1 2 3 4 |  4.8
Maces & Flails | 1 2 3 4 |  4.8
Staves         | 1 2 3 4 |  4.8
Ranged Weapons | 1 2 3 4 |  4.8
Throwing       | 1 2 3 4 |  4.8
Armour         | 1 2 3 4 |  4.8
Stealth        | 1 2 3 4 |  4.8
Shields        | 1 2 3 4 |  4.8
Unarmed Combat | 1 2 3 4 |  4.8
Evocations     | 1 2 3 4 |  4.8
Shapeshifting  | 1 2 3 4 |  4.4
Hexes          | 1 2 3 4 |  4.0
Summonings     | 1 2 3 4 |  4.0
Necromancy     | 1 2 3 4 |  4.0
Translocations | 1 2 3 4 |  4.0
Fire Magic     | 1 2 3 4 |  4.0
Ice Magic      | 1 2 3 4 |  4.0
Air Magic      | 1 2 3 4 |  4.0
Earth Magic    | 1 2 3 4 |  4.0
Alchemy        | 1 2 3 4 |  4.0
Fighting       | 5 6 |  6.7
Dodging        | 5 6 |  6.7
Polearms       | 7 8 |  8.2
Conjurations   | 6 |  6.8

Action                     |  1- 3 |  4- 6 |  7- 9 || total
---------------------------+-------+-------+-------++-------
  Melee: Spear             |   128 |   210 |       ||   338
         Bite              |     8 |    20 |    26 ||    54
         Punch             |     1 |     1 |     1 ||     3
         Trident           |       |    22 |    26 ||    48
         Short sword       |       |       |   102 ||   102
         Quarterstaff      |       |       |    71 ||    71
   Fire: Orcbow            |       |       |    11 ||    11
  Throw: Dart              |       |     3 |       ||     3
         Boomerang         |       |       |     4 ||     4
   Cast: Kiss of Death     |     2 |     3 |     1 ||     6
         Momentum Strike   |       |     4 |    42 ||    46
         Hailstorm         |       |     3 |     6 ||     9
         Stone Arrow       |       |       |    20 ||    20
         Vampiric Draining |       |       |     3 ||     3
  Evoke: Wand              |       |       |     3 ||     3
   Stab: Sleeping          |     1 |     3 |       ||     4
         Distracted        |       |     1 |       ||     1
 Armour: Leather armour    |    43 |    88 |   155 ||   286
  Dodge: Dodged            |    54 |    89 |   117 ||   260

Table legend: (Time is in decaauts)
 A = Elapsed time spent in this place.
 B = Non-inter-level travel time spent in this place.
 C = Inter-level travel time spent in this place.
 D = Time resting spent in this place.
 E = Time spent auto-exploring this place.
 F = Levels seen in this place.
 G = Mean time per level.
                   A        B        C        D        E       F      G
               +--------+--------+--------+--------+--------+-----+--------+
         Total |   5578 |   5182 |    396 |     93 |    238 |   7 |  796.9 |
       Dungeon |   5578 |   5182 |    396 |     93 |    238 |   7 |  796.9 |
               +--------+--------+--------+--------+--------+-----+--------+

Top non-repeatable levels by time:
     D:6: 1424 daAuts
     D:2: 1046 daAuts
     D:4: 849 daAuts
     D:5: 754 daAuts
     D:3: 734 daAuts
     D:1: 620 daAuts
     D:7: 148 daAuts
